 Dungeon Crawl Stone Soup version 0.31-a0-1447-g87ca8d402b (webtiles) character file.

Game seed: 14729980386886836447

5250 Curundu the Cruncher (level 10, -9/90 HPs)
             Began as a Minotaur Berserker on Dec 28, 2023.
             Was a High Priest of Trog.
             Killed from afar by an efreet (22 damage)
             ... with a fireball
             ... on level 8 of the Dungeon.
             The game lasted 00:19:48 (5323 turns).

Curundu the Cruncher (Minotaur Berserker)           Turns: 5323, Time: 00:19:49

Health: -9/90      AC: 16    Str: 31    XL:     10   Next: 36%
Magic:  0/9        EV: 14    Int:  4    God:    Trog [*****.]
Gold:   359        SH:  0    Dex: 11    Spells: 9/9 levels left

rFire   . . .        p - +3 quarterstaff (chaos)
rCold   . . .        (shield currently unavailable)
rNeg    . . .        w - +0 plate armour
rPois   .            s - +1 hat
rElec   .            q - +0 cloak
rCorr   .            (no gloves)
SInv    .            (no boots)
Will    .....        l - amulet of guardian spirit Stlth
                     y - +6 ring of strength
HPRegen 0.35/turn    E - +5 ring of evasion
MPRegen 0.11/turn

%: guardian spirit
@: no status effects
A: horns 2, retaliatory headbutt
a: Renounce Religion, Berserk, Trog's Hand, Brothers in Arms


You were on level 8 of the Dungeon.
You worshipped Trog.
Trog was extremely pleased with you.
You visited 1 branch of the dungeon, and saw 8 of its levels.
You also visited: Sewer.

You collected 359 gold pieces.

Inventory:

Hand Weapons
 p - a +3 quarterstaff of chaos (weapon)
Missiles
 a - 14 poisoned darts
 t - a throwing net (quivered)
 F - 4 boomerangs
 G - 5 datura-tipped darts
Armour
 q - a +0 cloak (worn)
 s - a +1 hat (worn)
 w - a +0 plate armour (worn)
Jewellery
 h - a ring of see invisible
 l - an amulet of guardian spirit (around neck)
 u - a ring of protection from cold
 v - a ring of positive energy
 y - a +6 ring of strength (left hand)
 E - a +5 ring of evasion (right hand)
Wands
 o - a wand of polymorph (11)
 C - a wand of mindburst (9)
Scrolls
 b - a scroll of amnesia {unknown}
 d - 6 scrolls of teleportation
 i - 8 scrolls of identify
 k - 2 scrolls of blinking {unknown}
 n - a scroll of poison {unknown}
 z - 2 scrolls of revelation {unknown}
 A - a scroll of immolation {unknown}
 D - a scroll of fog {unknown}
Potions
 c - 2 potions of lignification {unknown}
 e - 4 potions of curing {unknown}
 f - 3 potions of brilliance {unknown}
 g - 3 potions of mutation {unknown}
 j - 3 potions of heal wounds {unknown}
 m - 2 potions of magic {unknown}
 r - a potion of attraction {unknown}
 x - 3 potions of enlightenment {unknown}
 B - a potion of ambrosia {unknown}
 H - a potion of might {unknown}


   Skills:
 + Level 8.6 Fighting
 + Level 5.7 Long Blades
 + Level 11.8 Staves
 + Level 0.9 Throwing
 + Level 9.7 Armour
 + Level 4.1 Dodging
 + Level 2.1 Stealth
 + Level 1.0 Unarmed Combat


You had 9 spell levels left.
You didn't know any spells.
Your spell library was empty.

Dungeon Overview and Level Annotations

Branches:
Dungeon (8/15)             Temple (0/1) D:5           Sewer (visited)
   Lair: D:8-11

Altars:
Fedhas
Qazlal


Innate Abilities, Weirdness & Mutations

You have a pair of horns on your head.
You reflexively headbutt those who attack you in melee.


Message History

* * * LOW HITPOINT WARNING * * *
The manticore claws you but does no damage.
You bludgeon the manticore!! You freeze the manticore!
You kill the manticore!
Trog accepts your kill.
Found a brown potion and a ring mail.
The two-headed ogre hits you with a +0 giant club.
* * * LOW HITPOINT WARNING * * *
The two-headed ogre closely misses you.
You sock the two-headed ogre! You headbutt the two-headed ogre!
The two-headed ogre is moderately wounded.
You bludgeon the two-headed ogre!!
Lightning courses through the two-headed ogre!
You kill the two-headed ogre!
Trog accepts your kill.
You closely miss the orc. You bludgeon the orc!!
You kill the orc!
Trog accepts your kill.
You bludgeon the wight!! You burn the wight.
You destroy the wight!
Trog accepts your kill.
An efreet comes into view.
It is wielding a +2 scimitar of flaming.
You barely miss the efreet. Your headbutt misses the efreet.
The efreet hits you with a +2 scimitar of flaming!
* * * LOW HITPOINT WARNING * * *
The efreet burns you.
* * * LOW HITPOINT WARNING * * *
Okay, then.
Throw: 2 throwing nets
Press: ? - help, Q - select action, (/) - cycle Shift-Dir - straight line, f - efreet
Aim: an efreet, wielding a +2 scimitar of flaming (77% to hit)
You throw a throwing net. The throwing net hits the efreet.
The efreet is caught in the net!
As you read the scroll labelled RIYSAT LIAWUSY, it crumbles to dust.
It is a scroll of identify.
d - 6 scrolls of teleportation The efreet gestures at you.
The fireball explodes!
The fireball engulfs you!!
You die...

#<# #..#
#.#.#####. #.#
##### #..# #.#.#
#.
#.###...########
####### ##
#.##...#.#?###)#
#!#
#.#....##)#.#.#
#.#
#)##...#)#)#.###.#
#.###.###.#.#.#.#
#.....# ##†#†#.#
######.###.#.#@#
#....<..#!###.#R#
#.####.### #.# #.#
#.# #.# #.# #.#
#.# #.# #.# #.#
#.# #.##[# #.# #.#
#..## #.# #.# #.##
#. #.####.##


You could see an efreet (caught).

Vanquished Creatures
  A two-headed ogre (D:8)
  A manticore (D:8)
  A hornet (D:8)
  Grinder (D:3)
  A wraith (D:7)
  Grum (D:8)
  2 steam dragons
  3 water moccasins
  An orc warrior (D:6)
  2 sky beasts
  An ice beast (D:7)
  A black bear (D:6)
  4 ogres
  3 wolves (D:8)
  2 centaurs
  A phantom (D:6)
  A kobold brigand (D:8)
  6 bullfrogs
  3 scorpions
  A wight (D:8)
  5 killer bees (D:8)
  5 howler monkeys
  2 bombardier beetles
  A gnoll bouda (D:5)
  3 orc priests
  Crazy Yiuf (D:2)
  2 sleepcaps (D:5)
  Natasha (thrice) (D:2)
  3 orc wizards
  Robin (D:2)
  3 gnolls (D:5)
  13 adders
  3 river rats
  A white imp (D:5)
  3 ufetubi
  3 worms
  A dart slug (D:3)
  15 orcs
  4 bats
  12 endoplasms
  A giant cockroach (D:6)
  10 goblins
  11 hobgoblins
  3 jackals (D:2)
  4 quokkas
  10 ball pythons
  4 frilled lizards
  12 kobolds
  7 rats
183 creatures vanquished.

Notes
Turn   | Place    | Note
-------+----------+-------------------------------------------
     0 | D:1      | Curundu the Minotaur Berserker began the quest for the Orb.
     0 | D:1      | Reached XP level 1. HP: 19/19 MP: 0/0
   325 | D:1      | Reached XP level 2. HP: 27/27 MP: 1/1
   427 | D:1      | Found a faded altar of an unknown god.
  1098 | D:2      | Noticed Natasha
  1105 | D:2      | Killed Natasha
  1105 | D:2      | Reached ** piety under Trog
  1106 | D:2      | Reached XP level 3. HP: 34/34 MP: 2/2
  1187 | D:2      | Reached XP level 4. HP: 41/41 MP: 3/3
  1192 | D:2      | Noticed Robin
  1223 | D:2      | Killed Robin
  1495 | D:2      | Noticed Natasha
  1506 | D:2      | Killed Natasha
  1526 | D:2      | Noticed Natasha
  1535 | D:2      | Killed Natasha
  1536 | D:2      | Reached skill level 5 in Long Blades
  1536 | D:2      | Reached XP level 5. HP: 41/47 MP: 1/4
  1710 | D:2      | Found a runed translucent door.
  1711 | D:2      | Noticed Crazy Yiuf
  1725 | D:2      | Killed Crazy Yiuf
  2032 | D:3      | Found a blossoming altar of Fedhas.
  2074 | D:3      | Reached *** piety under Trog
  2144 | D:3      | Reached XP level 6. HP: 55/55 MP: 5/5
  2146 | D:3      | Noticed Grinder
  2152 | D:3      | Paralysed by Grinder for 5 turns
  2163 | D:3      | Paralysed by Grinder for 3 turns
  2167 | D:3      | Killed Grinder
  2168 | D:3      | Reached skill level 5 in Fighting
  2168 | D:3      | Reached skill level 2 in Staves
  2221 | D:3      | Reached skill level 1 in Unarmed Combat
  2445 | D:3      | Reached skill level 5 in Armour
  2672 | D:4      | You fall into a shaft and drop 1 floor!
  2672 | D:5      | Entered Level 5 of the Dungeon
  2742 | D:5      | Reached XP level 7. HP: 56/61 MP: 4/6
  2749 | D:5      | Reached skill level 3 in Staves
  2812 | D:5      | Reached skill level 4 in Staves
  2982 | D:5      | Identified the orb "Buzxei" {*channel, Rampage *Corrode
                  | Dex+5}
  3137 | D:5      | Reached skill level 5 in Staves
  3256 | D:5      | Identified the +0 leather armour of the Valley {*Slow Fly
                  | rElec Dex+8}
  3317 | D:5      | Found a staircase to the Ecumenical Temple.
  3481 | D:6      | Reached XP level 8. HP: 69/70 MP: 7/7
  3486 | D:6      | Reached skill level 1 in Stealth
  3490 | D:6      | Reached skill level 6 in Staves
  3764 | D:6      | Reached skill level 7 in Staves
  3767 | D:6      | Found a stormy altar of Qazlal.
  3803 | D:6      | Identified the orb of Indomitability {*channel, Str+4}
  4007 | D:6      | Found a glowing drain.
  4029 | Sewer    | Entered a sewer
  4039 | Sewer    | Reached **** piety under Trog
  4040 | Sewer    | Reached skill level 8 in Staves
  4541 | D:7      | Reached XP level 9. HP: 78/78 MP: 6/8
  4602 | D:7      | Reached skill level 9 in Staves
  5253 | D:8      | Noticed Grum
  5259 | D:8      | Reached skill level 10 in Staves
  5261 | D:8      | Killed Grum
  5297 | D:8      | Reached skill level 11 in Staves
  5299 | D:8      | Reached XP level 10. HP: 59/88 MP: 7/9
  5305 | D:8      | Noticed a manticore
  5307 | D:8      | Reached ***** piety under Trog
  5307 | D:8      | Noticed a two-headed ogre
  5314 | D:8      | Killed a manticore
  5317 | D:8      | Killed a two-headed ogre
  5323 | D:8      | Killed from afar by an efreet

Illustrated notes

Levels and vault maps discovered:
D:1:      psy_arrival_radial01, layout_basic, chequers_ecumenical_altar_grove
D:2:      layout_rooms, uniq_robin, uniq_crazy_yiuf_cottage, uniq_natasha
D:3:      layout_basic, mainiacjoe_overflow_24_doors, uniq_grinder
D:4:      layout_layer_cave, uniq_edmund, uniq_pikel
D:5:      layout_basic, minmay_temple_entry_proselytizer, st_stairs_9
D:6:      layout_basic, nicolae_qazlal_beasts_of_the_sky, portal_sewer_entry_c,
          minmay_starry_boxes
D:7:      layout_rooms
D:8:      minmay_imperfect_grid, layout_loops_ring, grunt_temple_overflow_open,
          einodemon_armed_red_devil_minivault, uniq_grum

Skill      XL: |  1  2  3  4  5  6  7  8  9 10 |
---------------+-------------------------------+-----
Long Blades    | 4 5 |  5.7
Fighting       | 4 5 6 7 8 |  8.6
Armour         | 3 4 5 6 7 9 |  9.7
Dodging        | 3 4 |  4.1
Staves         | 2 5 8 11 | 11.8
Unarmed Combat | 1 |  1.0
Stealth        | 1 2 |  2.1
Throwing       | |  0.9

Action                     |  1- 3 |  4- 6 |  7- 9 | 10-12 || total
---------------------------+-------+-------+-------+-------++-------
  Melee: Falchion          |    74 |    48 |       |       ||   122
         Headbutt          |     9 |    14 |    35 |     3 ||    61
         Unarmed           |       |     7 |       |       ||     7
         Punch             |       |     1 |       |       ||     1
         Quarterstaff      |       |    71 |   237 |    21 ||   329
  Throw: Dart              |       |       |     4 |       ||     4
         Throwing net      |       |       |       |     1 ||     1
 Invoke: Trog's Hand       |       |     2 |       |       ||     2
    Use: Scroll            |       |       |       |     1 ||     1
   Stab: Confused          |       |     1 |     2 |       ||     3
 Armour: Animal skin       |    18 |       |       |       ||    18
         Chain mail        |    50 |    97 |    68 |       ||   215
         Skin              |       |     2 |       |       ||     2
         Plate armour      |       |       |   117 |    17 ||   134
  Dodge: Dodged            |    33 |    72 |   122 |    17 ||   244

Table legend: (Time is in decaauts)
 A = Elapsed time spent in this place.
 B = Non-inter-level travel time spent in this place.
 C = Inter-level travel time spent in this place.
 D = Time resting spent in this place.
 E = Time spent auto-exploring this place.
 F = Levels seen in this place.
 G = Mean time per level.
                   A        B        C        D        E       F      G
               +--------+--------+--------+--------+--------+-----+--------+
         Total |   5387 |   5387 |      0 |     33 |   3917 |   9 |  598.6 |
       Dungeon |   5111 |   5111 |      0 |     33 |   3758 |   8 |  638.9 |
         Sewer |    276 |    276 |      0 |      0 |    158 |   1 |  276.0 |
               +--------+--------+--------+--------+--------+-----+--------+

Top non-repeatable levels by time:
     D:1: 974 daAuts
     D:2: 892 daAuts
     D:6: 867 daAuts
     D:3: 817 daAuts
     D:5: 736 daAuts
     D:7: 552 daAuts
   Sewer: 276 daAuts
     D:8: 248 daAuts
     D:4: 22 daAuts
